 Dungeon Crawl Stone Soup version 0.25.1-2-g60ff931df9 (webtiles) character file.

Game seed: 12763760716586510819

18 Chimkentus the Vexing (level 2, -1/18 HPs)
             Began as an Octopode Arcane Marksman on Aug 15, 2020.
             Slain by a leopard gecko (4 damage)
             ... on level 1 of the Dungeon.
             The game lasted 00:01:34 (387 turns).

Chimkentus the Vexing (Octopode Arcane Marksman)     Turns: 387, Time: 00:01:35

Health: -1/18      AC:  1    Str:  9    XL:     2   Next: 66%
Magic:  3/3        EV: 13    Int: 15    God:
Gold:   25         SH:  0    Dex: 12    Spells: 2/3 levels left

rFire    . . .     SeeInvis .   e - +0 mace
rCold    . . .     Gourm    .   (no shield)
rNeg     . . .     Faith    .   (helmet restricted)
rPois    .         Spirit   .   (no amulet)
rElec    .         Reflect  .   (no ring)
rCorr    .         Harm     .   (no ring)
MR       .....                  (no ring)
Stlth    +++.......             (no ring)
HPRegen  0.06/turn              (no ring)
MPRegen  0.08/turn              (no ring)
                                (no ring)
                                (no ring)

@: no status effects
A: almost no armour, stealthy swim, amphibious, 8 rings, constrict 8, camouflage
1, gelatinous body 1
a: no special abilities


You were on level 1 of the Dungeon.
You were not hungry.

You visited 1 branch of the dungeon, and saw 1 of its levels.

You collected 25 gold pieces.

Inventory:

Hand Weapons
 e - a +0 mace (weapon)
Missiles
 b - 3 javelins (quivered)
 c - 2 throwing nets
 k - 15 sling bullets
Scrolls
 f - a scroll of immolation {unknown}
 j - a scroll of magic mapping {unknown}
Potions
 a - a potion of heal wounds {unknown}
 g - a potion of ambrosia {unknown}
 h - a potion of invisibility {unknown}
Comestibles
 d - 5 rations
 i - 3 chunks of flesh


   Skills:
 * Level 1.0 Fighting
 + Level 0.4 Maces & Flails
 + Level 2.0 Throwing
 * Level 2.2 Dodging
 + Level 1.2 Stealth
 + Level 1.0 Spellcasting
 * Level 3.4 Hexes


You had 2 spell levels left.
You knew the following spells:

 Your Spells              Type           Power        Failure   Level  Hunger
a - Corona                Hex            ##.....      6%          1    ##.....

Your spell library contained the following spells:

 Spells                   Type           Power        Failure   Level  Hunger
 Slow                     Hex            ##......     9%          2    ###....
 Inner Flame              Hex/Fire       #.......     36%         3    ####...
 Portal Projectile        Hex/Tloc       #.....       36%         3    ####...
 Cause Fear               Hex            ##........   52%         4    #####..
 Leda's Liquefaction      Hex/Erth       #.........   77%         4    #####..


Dungeon Overview and Level Annotations

Branches:
Dungeon (1/15)

Altars:


Innate Abilities, Weirdness & Mutations

You cannot wear most types of armour.
You are very stealthy in the water. (Stealth+)
You are amphibious.
You can wear up to eight rings at the same time.
You can use your tentacles to constrict eight enemies at once.
Your skin changes colour to match your surroundings (Stealth+).
Your rubbery body absorbs attacks. (AC +1, EV +1)


Message History

You constrict the goblin.
The goblin hits you with a +0 dagger. x2
You hit the goblin.
You kill the goblin!
Throwing (i - inventory. (/) - cycle)
b - 5 javelins (quivered)
Press: ? - help, Shift-Dir - straight line, f - leopard gecko
Aim: a leopard gecko You throw a javelin.
The javelin pierces through the leopard gecko but does no damage.
The leopard gecko bites you.
You are too injured to fight recklessly!
Throwing (i - inventory. (/) - cycle)
b - 4 javelins (quivered)
Press: ? - help, Shift-Dir - straight line, f/p - leopard gecko
Aim: a leopard gecko You throw a javelin.
The javelin barely misses the leopard gecko.
The leopard gecko bites you.
* * * LOW HITPOINT WARNING * * *
You barely miss the leopard gecko. Your grab misses the leopard gecko.
The leopard gecko misses you. The leopard gecko bites you.
You die...

... ... ..... #.##
.....##+##..#
#....(.....##########
#....................
#.........#.#.########
#[$.......#...#.#.#.#.
#....l....#.##........
#...)@....#.#......#..
#.........#.##.......#
######.####.#.....#...
).. #.##........ ##+##
#.#....#.#.#
#.##........
#.#...#..#.< .
#.##........ ..
#..#...#.#


You could see a leopard gecko.

Vanquished Creatures
  An ooze (D:1)
  2 bats (D:1)
  2 goblins (D:1)
  4 hobgoblins (D:1)
  A frilled lizard (D:1)
  2 rats (D:1)
12 creatures vanquished.

Notes
Turn   | Place    | Note
-------+----------+-------------------------------------------
     0 | D:1      | Chimkentus the Octopode Arcane Marksman began the quest for
                  | the Orb.
     0 | D:1      | Reached XP level 1. HP: 13/13 MP: 2/2
   150 | D:1      | Reached XP level 2. HP: 18/18 MP: 3/3
   158 | D:1      | Reached skill level 1 in Stealth
   387 | D:1      | Slain by a leopard gecko

Illustrated notes

Levels and vault maps discovered:
D:1:      co_arrival_square_in_a_square_in_a_square, layout_basic,
          minmay_pentomino_u4

Skill      XL: |  1  2 |
---------------+-------+-----
Stealth        | 1 |  1.2
Fighting       | |  1.0
Maces & Flails | |  0.4
Throwing       | |  2.0
Dodging        | |  2.2
Spellcasting   | |  1.0
Hexes          | |  3.4

Action                   || total
-------------------------++-------
Melee: Mace              ||    21
       Constrict         ||     6
       Tentacles         ||     3
Throw: Javelin           ||     2
 Stab: Sleeping          ||     4
Dodge: Dodged            ||     7
